 Dungeon Crawl Stone Soup version 0.30.0-13-g156ef70053 (webtiles) character file.

Game seed: 1551574305902071091

10120 croobank the Arsonist (level 11, -7/92 HPs)
             Began as a Pale Draconian Fire Elementalist on May 17, 2023.
             Was a Priest of Sif Muna.
             Mangled by a komodo dragon (20 damage)
             ... on level 2 of the Lair of Beasts.
             The game lasted 00:44:02 (13063 turns).

croobank the Arsonist (DrFE)                       Turns: 13063, Time: 00:44:02

Health: -7/92      AC:  9    Str: 10    XL:     11   Next: 32%
Magic:  18/20      EV: 19    Int: 20    God:    Sif Muna [***...]
Gold:   277        SH:  0    Dex: 12    Spells: 16/22 levels left

rFire   + . .        U - +0 dagger (speed)
rCold   . . .        (no shield)
rNeg    . . .        (body armour unavailable)
rPois   .            (helmet restricted)
rElec   .            N - +0 cloak
rCorr   .            (no gloves)
SInv    .            R - +0 pair of boots
Will    .....        (no amulet)
Stlth   +++          q - +5 ring of evasion
HPRegen 0.35/turn    I - ring of protection from fire
MPRegen 0.17/turn

%: no passive effects
@: short of breath, hasted, very quick
A: breathe steam, AC +7, unfitting armour, cold-blooded, steam resistance
a: Breathe Steam, Renounce Religion, Channel Magic, Forget Spell


You were on level 2 of the Lair of Beasts.
You worshipped Sif Muna.
Sif Muna was most pleased with you.
You visited 3 branches of the dungeon, and saw 13 of its levels.

You collected 479 gold pieces.
You spent 202 gold pieces at shops.

Inventory:

Hand Weapons
 b - a +1 dagger
 c - a +1 antimagic dagger
 f - a +1 whip of holy wrath
 n - a +0 sling
 x - a +2 spectral scimitar
 D - a +3 dire flail of holy wrath
 E - a +2 falchion of flaming
 F - a +1 war axe of venom
 L - a +2 heavy scythe
 M - a +3 quarterstaff of chaos
 O - a +4 morningstar
 S - a +4 hand axe
 T - the +10 short sword "Imaef" {heavy, rF+}
   (You found it on level 7 of the Dungeon)

   rF:        It protects you from fire.
 U - a +0 dagger of speed (weapon)
 W - a +1 long sword
Missiles
 d - 16 poisoned darts
 i - 4 curare-tipped darts
 k - 10 atropa-tipped darts
 C - 2 boomerangs
Armour
 N - a +0 cloak (worn)
 R - a +0 pair of boots (worn)
Jewellery
 q - a +5 ring of evasion (left hand)
 v - a +6 ring of intelligence
 A - a ring of fire
 I - a ring of protection from fire (right hand)
 Q - a ring of poison resistance
 V - a +4 ring of slaying
Wands
 s - a wand of iceblast (2)
 y - a wand of charming (18)
 J - a wand of flame (8)
Scrolls
 j - a scroll of teleportation
 l - 2 scrolls of vulnerability
 m - 3 scrolls of amnesia
 p - 2 scrolls of poison
 G - a scroll of silence
 P - a scroll of fog
Potions
 a - a potion of magic
 e - 2 potions of lignification
 h - 6 potions of flight
 r - 2 potions of brilliance
 t - 2 potions of curing
 u - a potion of cancellation
 w - a potion of resistance
 z - 3 potions of might
 H - 4 potions of attraction
 K - 2 potions of mutation {unknown}
 X - a potion of degeneration {unknown}


   Skills:
 + Level 7.2 Fighting
 * Level 5.7 Short Blades
 + Level 6.3 Dodging
 + Level 7.0 Stealth
 + Level 6.4 Spellcasting
 + Level 6.8 Conjurations
 + Level 3.4 Hexes
 + Level 8.1 Fire Magic


You had 16 spell levels left.
You knew the following spells:

 Your Spells              Type           Power      Damage    Failure   Level
a - Foxfire               Conj/Fire      100%       2x1d9     1%          1
b - Scorch                Fire           78%        2d8       1%          2
c - Inner Flame           Hex/Fire       29%        N/A       2%          3

Your spell library contained the following spells:

 Spells                   Type           Power      Damage    Failure   Level
 Magic Dart               Conj           100%       1d8       1%          1
 Flame Wave               Conj/Fire      36%        2d10      4%          4
 Volatile Blastmotes      Fire/Tloc      44%        2d13      5%          3
 Beastly Appendage        Tmut           12%        N/A       10%         1
 Mephitic Cloud           Conj/Pois/Air  15%        N/A       12%         3
 Call Imp                 Summ           12%        N/A       16%         2
 Wereblood                Tmut           6%         N/A       16%         2
 Spider Form              Tmut/Pois      6%         N/A       30%         3


Dungeon Overview and Level Annotations

Branches:
Dungeon (9/15)             Temple (1/1) D:5            Lair (3/5) D:9
  Swamp: Lair:2-3    Shoals: Lair:2-3     Snake: Lair:2-3    Spider: Lair:2-3
    Orc: D:9-12

Altars:
Ashenzari
Cheibriados
Dithmenos
Elyvilon
Fedhas
Gozag
Hepliaklqana
Kikubaaqudgha
Makhleb
Nemelex Xobeh
Okawaru
Qazlal
Ru
Sif Muna
Trog
Uskayaw
Vehumet
Wu Jian
Xom
Yredelemnul
Zin
The Shining One

Shops:
D:5 [   D:7 ?

Annotations:
Lair:2 Fannar


Innate Abilities, Weirdness & Mutations

You can breathe blasts of scalding, opaque steam.
Your pale cyan-grey scales are hard. (AC +7)
You cannot fit into any form of body armour.
You are cold-blooded and may be slowed by cold attacks.
You are immune to the effects of steam.


Message History

You start resting.
Your foxfire dissipates!
Your foxfire dissipates! x2
You start resting.
You have got your breath back.
You start resting.
Magic restored.
Found a potion of curing.
A komodo dragon comes into view.
The komodo dragon hisses angrily.
The komodo dragon moves out of view.
Found a scroll of enchant weapon.
The komodo dragon bites you!!
You see here a potion of curing.
The komodo dragon closely misses you.
t - 2 potions of curing (gained 1)
The komodo dragon bites you!!
Aiming: Breathe Steam (1% risk of failure)
Press: ? - help, Shift-Dir - straight line, f - komodo dragon
Aim: a komodo dragon (81% to hit)
You exhale a blast of scalding steam.
The ball of steam hits the komodo dragon.
The komodo dragon is lightly wounded.
The komodo dragon is engulfed in a cloud of scalding steam.
The komodo dragon bites you!
Casting: Foxfire (safe; 1% risk of failure)
Confirm with . or Enter, or press ? or * to list all spells.
Flames lash the komodo dragon.
The komodo dragon is moderately wounded.
The komodo dragon's fire resistance burns away.
The komodo dragon bites you!!
* * * LOW HITPOINT WARNING * * *
The komodo dragon attacks as you move away!
The komodo dragon completely misses you.
Okay, then.
Okay, then.
Okay, then.
Okay, then.
You feel yourself speed up. The komodo dragon bites you!!
You die...

# ## ### ######P#..#
######P#######....P.?#.#
................@.......
...............§l.....#.
.†.........##.§.....###
............####§...#
..†...<....## #....#
............# #.....#
.#####......# #....###..
.# ##....## #.........
§# #....# #.........


You could see a komodo dragon (combustible).

Vanquished Creatures
  A catoblepas (Lair:1)
  2 komodo dragons (Lair:1)
  A rime drake (D:9)
  A hornet (D:8)
  3 polar bears
  Grinder (D:5)
  5 blink frogs
  Sigmund (D:2)
  A basilisk (Lair:2)
  11 yaks
  Menkaure (D:6)
  Edmund (D:5)
  3 water moccasins
  2 orc warriors
  8 ice beasts
  2 black bears
  2 sky beasts
  2 ogres
  2 wolves (D:9)
  2 phantoms
  A centaur (D:8)
  Blork the orc (D:4)
  A kobold brigand (D:8)
  A scorpion (D:6)
  3 bullfrogs
  17 wights
  9 killer bees
  A howler monkey (D:7)
  3 hounds
  Crazy Yiuf (D:2)
  A gnoll bouda (D:8)
  A jelly (D:8)
  A sleepcap (D:4)
  5 orc priests
  Terence (D:2)
  12 orc wizards
  4 gnolls (D:8)
  4 adders
  A shadow imp (D:5)
  A white imp (D:6)
  A worm (D:2)
  2 dart slugs
  26 orcs
  6 endoplasms
  A giant cockroach (D:2)
  6 goblins
  6 hobgoblins
  4 jackals (D:4)
  4 quokkas
  5 ball pythons
  2 bats
  4 frilled lizards
  13 kobolds
  5 rats
206 creatures vanquished.

Vanquished Creatures (collateral kills)
  A foxfire (D:1)
1 creature vanquished.

Vanquished Creatures (others)
  350 foxfires
350 creatures vanquished.

Grand Total: 557 creatures vanquished

Notes
Turn   | Place    | Note
-------+----------+-------------------------------------------
     0 | D:1      | croobank the Draconian Fire Elementalist began the quest
                  | for the Orb.
     0 | D:1      | Reached XP level 1. HP: 14/14 MP: 3/3
   408 | D:1      | Found a faded altar of an unknown god.
   430 | D:1      | Reached XP level 2. HP: 20/20 MP: 1/5
  1013 | D:1      | Learned a level 2 spell: Scorch
  1336 | D:2      | Noticed Terence
  1380 | D:2      | Found a runed translucent door.
  1435 | D:2      | Noticed Sigmund
  2009 | D:2      | Reached XP level 3. HP: 27/27 MP: 2/6
  2049 | D:2      | Learned a level 3 spell: Inner Flame
  2294 | D:2      | Noticed Crazy Yiuf
  3867 | D:4      | Reached skill level 1 in Fighting
  3877 | D:4      | Noticed Blork the orc
  3886 | D:4      | Killed Blork the orc
  3887 | D:4      | Reached XP level 4. HP: 30/35 MP: 2/7
  4097 | D:4      | Reached XP level 5. HP: 36/41 MP: 1/9
  4209 | D:5      | Entered Level 5 of the Dungeon
  4799 | D:4      | Found an ornate altar of the Wu Jian Council.
  4807 | D:4      | Noticed a phantom
  4814 | D:4      | Killed a phantom
  4815 | D:4      | Reached skill level 4 in Fire Magic
  4815 | D:4      | Reached XP level 6. HP: 43/49 MP: 1/10
  5302 | D:4      | Noticed a sky beast
  5311 | D:4      | Killed a sky beast
  5558 | D:5      | Found Peeruupn's Antique Armour Shoppe.
  5579 | D:5      | Your scales start taking on a pale cyan-grey colour.
  5579 | D:5      | Reached XP level 7. HP: 56/56 MP: 5/12
  5579 | D:5      | Gained mutation: You are immune to the effects of steam.
                  | [Pale Draconian growth]
  5666 | D:5      | Reached skill level 5 in Fire Magic
  5812 | D:5      | Noticed Grinder
  5816 | D:5      | Paralysed by Grinder for 2 turns
  5819 | D:5      | Killed Grinder
  5925 | D:5      | Reached XP level 8. HP: 64/64 MP: 2/13
  6295 | D:5      | Found a staircase to the Ecumenical Temple.
  6298 | D:5      | Noticed Edmund
  6305 | D:5      | Killed Edmund
  6352 | Temple   | Entered the Ecumenical Temple
  6390 | Temple   | Became a worshipper of Sif Muna the Loreminder
  6511 | D:5      | Found a hazy altar of Hepliaklqana.
  6798 | D:6      | Noticed Menkaure
  6813 | D:6      | Killed Menkaure
  6814 | D:6      | Reached skill level 6 in Fire Magic
  7004 | D:6      | Found a sacrificial altar of Ru.
  7491 | D:2      | Killed Sigmund
  7492 | D:2      | Reached skill level 5 in Stealth
  7565 | D:2      | Killed Crazy Yiuf
  7566 | D:2      | Reached XP level 9. HP: 73/73 MP: 13/16
  7613 | D:2      | Killed Terence
  8067 | D:7      | Reached skill level 5 in Fighting
  8093 | D:7      | Reached skill level 5 in Conjurations
  8407 | D:7      | Found Maiwyost's Magic Scroll Emporium.
  8415 | D:7      | Bought a scroll of identify for 30 gold pieces
  8415 | D:7      | Bought a scroll of brand weapon for 142 gold pieces
  8415 | D:7      | Bought a scroll of identify for 30 gold pieces
  8475 | D:7      | Reached skill level 5 in Spellcasting
  8486 | D:7      | Reached * piety under Sif Muna
  8682 | D:7      | Reached skill level 5 in Dodging
  8890 | D:7      | Found a radiant altar of Vehumet.
  8899 | D:7      | Identified the +10 short sword "Imaef" {heavy, rF+}
  9205 | D:8      | Reached skill level 1 in Short Blades
  9487 | D:8      | Reached skill level 1 in Hexes
  9575 | D:8      | Reached skill level 7 in Fire Magic
  9853 | D:8      | Found a blossoming altar of Fedhas.
  9855 | D:8      | Found a burning altar of Makhleb.
  9858 | D:8      | Found an ancient bone altar of Kikubaaqudgha.
  9900 | D:8      | Reached XP level 10. HP: 83/83 MP: 15/18
 10255 | D:9      | Reached ** piety under Sif Muna
 10696 | D:9      | Found a staircase to the Lair.
 10758 | D:9      | HP: 3/84 [polar bear (21)]
 10770 | D:9      | Noticed a two-headed ogre
 10799 | Lair:1   | Entered Level 1 of the Lair of Beasts
 11289 | Lair:1   | Noticed a catoblepas
 11300 | Lair:1   | Killed a catoblepas
 11981 | Lair:2   | Reached skill level 5 in Short Blades
 12047 | Lair:2   | Reached XP level 11. HP: 91/91 MP: 12/20
 12123 | Lair:1   | Reached skill level 8 in Fire Magic
 12690 | Lair:2   | Noticed Fannar
 12726 | Lair:3   | Reached *** piety under Sif Muna
 13063 | Lair:2   | Mangled by a komodo dragon

Illustrated notes

Levels and vault maps discovered:
D:1:      dpeg_arrival_short_road, layout_loops_ring, serial_aquarium,
          aquarium_bridge_long_separate [aquarium_subvault_window,
          aquarium_subvault_bridge, aquarium_subvault_balcony,
          aquarium_subvault_window, aquarium_subvault_bridge,
          aquarium_subvault_wall], aquarium_bridge_square
          [aquarium_subvault_wall, aquarium_subvault_bridge,
          aquarium_subvault_bridge, aquarium_subvault_balcony],
          aquarium_window_1, aquarium_window_2, aquarium_window_corridor_1,
          aquarium_view_2c, aquarium_balcony_3a, aquarium_pool_2,
          chequers_ecumenical_altar_island, serial_bayou_crossing
D:2:      layout_basic, minivault_24, uniq_terence, uniq_sigmund,
          uniq_crazy_yiuf_cottage
D:3:      layout_loops_corners, minmay_misc_feat_chi
D:4:      cheibrodos_quashed, layout_basic, mainiacjoe_overflow_small_starburst,
          kennysheep_generic_room_2, uniq_blork_the_orc
D:5:      layout_rooms, lemuel_crystal_altar, minmay_temple_entry_junction,
          serial_shops, nicolae_shop_just_a_little_nook, serial_glass,
          glass_columns_b, glass_columns_a, item_on_display_b,
          minmay_strange_pillars, item_on_display_a, uniq_grinder, uniq_edmund
D:6:      layout_rooms, nicolae_ru_great_annihilating_truth, serial_curves,
          eino_curves_04, eino_curves_01, eino_curves_03, uniq_menkaure
D:7:      layout_rooms, lemuel_doored_altar, serial_shops, shop
D:8:      layout_basic, minitemple
D:9:      cheibrodos_ideogram_h, layout_stronghold, hellmonk_lair_entry_icy,
          enter_bailey_1
Temple:   hellmonk_temple_two_chambers
Lair:1:   layout_cave_pods
Lair:2:   lemuel_ratsnest, layout_chaotic_city, uniq_fannar
Lair:3:   minmay_lair_oklob_tunnel, layout_gridlike, minmay_swamp_entry_worms,
          minmay_snake_entry_six_corridors, basic_altar

Skill      XL: |  1  2  3  4  5  6  7  8  9 10 11 |
---------------+----------------------------------+-----
Stealth        | 2 3 4 5 6 7 |  7.0
Dodging        | 2 3 4 5 6 |  6.3
Fighting       | 1 2 3 4 6 7 |  7.2
Conjurations   | 2 3 4 5 6 |  6.8
Spellcasting   | 3 4 5 6 |  6.4
Fire Magic     | 4 5 6 7 8 |  8.1
Short Blades   | 2 5 |  5.7
Hexes          | 1 3 |  3.4

Action                     |  1- 3 |  4- 6 |  7- 9 | 10-12 || total
---------------------------+-------+-------+-------+-------++-------
  Melee: Dagger            |    17 |    12 |    39 |    62 ||   130
         Tailslap          |     1 |     1 |     3 |    12 ||    17
         Short sword       |       |       |       |     5 ||     5
         Punch             |       |       |       |     3 ||     3
   Cast: Foxfire           |    43 |    26 |    61 |    70 ||   200
         Scorch            |    10 |    27 |    75 |    73 ||   185
         Inner Flame       |       |       |     1 |       ||     1
Ability: Breathe Steam     |       |       |    33 |    23 ||    56
  Evoke: Wand              |     4 |       |     1 |     7 ||    12
    Use: Scroll            |    15 |     3 |     7 |     6 ||    31
         Potion            |       |     1 |     1 |     5 ||     7
   Stab: Sleeping          |     4 |     3 |     2 |     1 ||    10
         Paralysed         |       |       |     1 |       ||     1
 Armour: Skin              |     5 |     7 |    18 |    46 ||    76
  Dodge: Dodged            |    20 |    22 |   104 |   202 ||   348
